 Dungeon Crawl Stone Soup version 0.32-a0-42-ga30500b4d3 (webtiles) character file.

Game seed: 15752558042922290134

49 seren the Shooter (level 4, 0/27 HPs)
             Began as a Kobold Hunter on Feb 3, 2024.
             Slain by an adder (2 damage)
             ... on level 3 of the Dungeon.
             The game lasted 00:02:28 (1953 turns).

seren the Shooter (Kobold Hunter)                   Turns: 1953, Time: 00:02:28

Health: 0/27       AC:  4    Str:  8    XL:     4   Next: 1%
Magic:  4/4        EV: 15    Int: 10    God:
Gold:   119        SH:  0    Dex: 20    Spells: 3/3 levels left

rFire   + . .        a - +0 shortbow
rCold   . . .        (shield currently unavailable)
rNeg    . . .        c - +0 leather armour
rPois   .            (no helmet)
rElec   .            j - +0 cloak
rCorr   .            (no gloves)
SInv    .            (no boots)
Will    .....        (no amulet)
Stlth   +++          i - ring of protection from fire
HPRegen 0.24/turn    (no ring)
MPRegen 0.09/turn

%: no passive effects
@: lethally poisoned (0 -> -3)
A: small, no large weapons, nightstalker 3
a: no special abilities


You were on level 3 of the Dungeon.
You visited 1 branch of the dungeon, and saw 3 of its levels.

You collected 119 gold pieces.

Inventory:

Hand Weapons
 a - a +0 shortbow (weapon)
 f - a +0 dagger
Armour
 c - a +0 leather armour (worn)
 j - a +0 cloak (worn)
Jewellery
 i - a ring of protection from fire (left hand)
 m - the ring of Edoqur {Wiz rElec rC+ Str+4 Dex-3}
   (You found it on level 2 of the Dungeon)

   [ring of wizardry]

   Wiz:       It improves your spell success rate.
   Str+4:     It affects your strength (+4).
   Dex-3:     It affects your dexterity (-3).
   rC+:       It protects you from cold.
   rElec:     It insulates you from electricity.
Scrolls
 b - a scroll of butterflies
 k - 2 scrolls of vulnerability {unknown}
 l - a scroll of acquirement {unknown}
 o - a scroll of fear {unknown}
 p - a scroll of blinking {unknown}
 r - a scroll of immolation {unknown}
Potions
 d - a potion of heal wounds {unknown}
 e - a potion of mutation {unknown}
 g - 2 potions of enlightenment
 n - a potion of haste {unknown}
 q - 2 potions of resistance


   Skills:
 + Level 2.9 Fighting
 * Level 5.9 Ranged Weapons
 + Level 3.1 Dodging
 + Level 2.4 Stealth


You had 3 spell levels left.
You didn't know any spells.
Your spell library contained the following spells:

 Spells                   Type           Power      Damage    Failure   Level
 Ensorcelled Hibernation  Hex/Ice        0%         N/A       63%         2
 Passwall                 Erth           0%         N/A       86%         3
 Swiftness                Air            0%         N/A       86%         3
 Volatile Blastmotes      Fire/Tloc      0%         2d10      86%         3
 Fulminant Prism          Conj/Alch      0%         3d5       99%         4
 Iskenderun's Mystic Bla  Conj/Tloc      0%         2d3       99%         4


Dungeon Overview and Level Annotations

Branches:
Dungeon (3/15)

Altars:

Annotations:
D:3 Dirtsage's ghost, amateur OpSh


Innate Abilities, Weirdness & Mutations

You are small and have problems with some larger weapons.
You are completely attuned to the shadows.


Message History

The ball python misses you. The ball python closely misses you.
The adder bites you.
* * * LOW HITPOINT WARNING * * *
You are more poisoned.
The adder poisons you!
The ball python bites you but does no damage.
The ball python barely misses you.
You feel very sick.
You feel sick. The adder barely misses you.
You feel sick.
You feel sick.
The ball python attacks as it pursues you!
The ball python closely misses you. The ball python barely misses you.
Dirtsage's ghost wails, "You will join me soon!"
You feel sick.
You feel sick.
You feel sick.
You feel sick.
You are no longer poisoned.
The adder bites you.
* * * LOW HITPOINT WARNING * * *
You are too injured to fight recklessly!
You are too injured to fight recklessly!
The adder attacks as it pursues you! The adder bites you but does no damage.
You are too injured to fight recklessly!
The adder closely misses you. The adder attacks as it pursues you!
The adder closely misses you. The adder attacks as it pursues you!
The adder closely misses you. The adder attacks as it pursues you!
The adder closely misses you. The adder bites you but does no damage.
The adder attacks as it pursues you! The adder bites you.
* * * LOW HITPOINT WARNING * * *
You are lethally poisoned!
The adder poisons you!
* * * LOW HITPOINT WARNING * * *
You feel sick. The adder attacks as it pursues you!
The adder bites you but does no damage.
* * * LOW HITPOINT WARNING * * *
You feel sick. The adder attacks as it pursues you! The adder bites you.
You die...

##.....#
.......###########
.†....W......S...#
.......#########S#
######## #...#.#
#(#.#S#
############.#.#.#
.............#.#S#
##############.#@#
.....# #.#.#
.....# #.#.#
.....# #<#.#
.....###########.#
.....'...........#
.....#############
.....# .#####


You could see an adder and a ball python.

Vanquished Creatures
  3 dart slugs
  A ribbon worm (D:2)
  4 endoplasms
  A giant cockroach (D:2)
  4 goblins (D:1)
  3 hobgoblins
  3 jackals (D:1)
  3 kobolds
  2 quokkas
  5 ball pythons
  A bat (D:2)
  5 frilled lizards
  2 rats (D:1)
37 creatures vanquished.

Notes
Turn   | Place    | Note
-------+----------+-------------------------------------------
     0 | D:1      | seren the Kobold Hunter began the quest for the Orb.
     0 | D:1      | Reached XP level 1. HP: 12/12 MP: 1/1
    72 | D:1      | Reached XP level 2. HP: 11/18 MP: 2/2
   659 | D:1      | Reached XP level 3. HP: 22/22 MP: 3/3
  1078 | D:2      | Identified the ring of Edoqur {Wiz rElec rC+ Str+4 Dex-3}
  1914 | D:3      | Found a runed translucent door.
  1922 | D:3      | Reached XP level 4. HP: 27/27 MP: 4/4
  1931 | D:3      | Noticed Dirtsage's ghost (amateur OpSh)
  1953 | D:3      | Slain by an adder

Illustrated notes

Levels and vault maps discovered:
D:1:      ncdulo_lavacross, layout_loops_cross, serial_bayou,
          serial_bayou_pond_c, serial_bayou_shore_b, serial_bayou_pond_e,
          serial_bayou_shore_a
D:2:      layout_loops_ring, skrybe_limestone_x, bh_walls_and_bars
D:3:      layout_basic, mainiacjoe_overflow_brackets, grunt_qazlal_clouds,
          ebering_ghost_sewer_f, chequers_serial_rivers_large_b

Skill      XL: |  1  2  3 |
---------------+----------+-----
Stealth        | 2 |  2.4
Dodging        | 3 |  3.1
Fighting       | |  2.9
Ranged Weapons | |  5.9

Action                     |  1- 3 |  4- 6 || total
---------------------------+-------+-------++-------
   Fire: Shortbow          |    98 |     3 ||   101
    Use: Scroll            |       |     2 ||     2
 Armour: Leather armour    |    10 |    12 ||    22
  Dodge: Dodged            |    31 |    14 ||    45

Table legend: (Time is in decaauts)
 A = Elapsed time spent in this place.
 B = Non-inter-level travel time spent in this place.
 C = Inter-level travel time spent in this place.
 D = Time resting spent in this place.
 E = Time spent auto-exploring this place.
 F = Levels seen in this place.
 G = Mean time per level.
                   A        B        C        D        E       F      G
               +--------+--------+--------+--------+--------+-----+--------+
         Total |   2028 |   1923 |    105 |      0 |   1637 |   3 |  676.0 |
       Dungeon |   2028 |   1923 |    105 |      0 |   1637 |   3 |  676.0 |
               +--------+--------+--------+--------+--------+-----+--------+

Top non-repeatable levels by time:
     D:1: 973 daAuts
     D:2: 924 daAuts
     D:3: 129 daAuts
